AoeStats
← Ronk999

Oasis

509896100Analyzed
3v3 RM · 3d ago on Sep 28, 2026· 21m 29s· 6 players
Game mode
Random Map
Map size
Normal (6 player)
Population
200
Speed
Normal
Resources
Standard
Victory
Conquest
Starting age
Dark Age
Ending age
Imperial Age
RankedLock teamsTeams togetherTeam positionsShared explorationLock speedFull tech treeHidden civsTurbo modeCheats
Victory
Defeat
🇩🇪 Teutons · Germany
928
+16
🇩🇪 Khmer · Germany
873
+18
🇩🇪 Hindustanis · Germany
856
+19
🇳🇱 Goths · Netherlands
974
-19
🇦🇺 Mongols · Australia
918
-38
🇦🇿 Tatars · Azerbaijan
891
-16
Cooked Chook
7:26 Loom
9:44 Feudal Age
11:06 Double-Bit Axe
14:00 Forging
17:10 Scale Barding Armor
19:24 Man-at-Arms
sfdejonge
5:21 Loom
11:31 Feudal Age
14:30 Double-Bit Axe
17:52 Castle Age
15:55 Scale Mail Armor
16:12 Horse Collar
16:23 Gold Mining
18:27 Forging
Russia05
0:29 Loom
11:46 Feudal Age
10:02 Loom
15:37 Fletching
19:30 Castle Age
20:37 Wheelbarrow
Ronk999
11:42 Feudal Age
13:38 Loom
16:48 Castle Age
15:55 Double-Bit Axe
15:52 Horse Collar
17:32 Scale Barding Armor
18:27 Bloodlines
21:17 Scale Mail Armor
Matambo
1:22 Loom
12:16 Feudal Age
13:26 Double-Bit Axe
17:20 Castle Age
16:42 Bloodlines
17:19 Scale Barding Armor
17:27 Forging
18:08 Husbandry
Bronko
11:17 Feudal Age
12:26 Double-Bit Axe
12:25 Horse Collar
14:08 Man-at-Arms
18:07 Arson
Connection lost

Rejoining the realm…

Still unreachable

The connection could not be restored.

Session expired

The server has moved on; the page needs a fresh start.